 Dungeon Crawl Stone Soup version 0.30.1-9-gdf580d7c3d (webtiles) character file.

Game seed: 2302006416400048244

807 Joe69 the Cudgeller (level 7, -1/63 HPs)
             Began as a Minotaur Berserker on Oct 9, 2023.
             Was a Priest of Trog.
             Slain by a gnoll bouda
             ... wielding a +0 whip
              (3 damage)
             ... on level 5 of the Dungeon.
             The game lasted 00:10:05 (4024 turns).

Joe69 the Cudgeller (Minotaur Berserker)            Turns: 4024, Time: 00:10:06

Health: -1/63      AC:  7    Str: 24    XL:     7   Next: 60%
Magic:  0/6        EV: 11    Int:  4    God:    Trog [***...]
Gold:   131        SH:  0    Dex:  9    Spells: 6/6 levels left

rFire   . . .        a - +0 mace
rCold   . . .        l - orb {*Rage}
rNeg    . . .        r - +0 scale mail
rPois   .            (helmet restricted)
rElec   .            (no cloak)
rCorr   +            (no gloves)
SInv    .            (no boots)
Will    +....        q - amulet of guardian spirit Stlth
                     k - ring of willpower
HPRegen 0.30/turn    v - ring of resist corrosion
MPRegen 0.10/turn

%: random rage (20%), guardian spirit
@: weakened, on berserk cooldown, slowed, very slow
A: horns 2, retaliatory headbutt
a: Renounce Religion, Berserk, Trog's Hand


You were on level 5 of the Dungeon.
You worshipped Trog.
Trog was most pleased with you.
You visited 1 branch of the dungeon, and saw 5 of its levels.

You collected 131 gold pieces.

Inventory:

Hand Weapons
 a - a +0 mace (weapon)
Missiles
 c - 6 javelins (quivered)
 e - 6 poisoned darts
 x - a throwing net
Armour
 b - a +0 animal skin
 g - a +0 leather armour
 h - a +0 ring mail
 l - an orb of wrath (worn)
 r - a +0 scale mail (worn)
Jewellery
 i - an amulet of magic regeneration
 k - a ring of willpower (left hand)
 q - an amulet of guardian spirit (around neck)
 v - a ring of resist corrosion (right hand)
Wands
 s - a wand of quicksilver (9)
Scrolls
 p - 2 scrolls of teleportation
 t - 2 scrolls of vulnerability {unknown}
 u - a scroll of blinking
 w - a scroll of brand weapon {unknown}
Potions
 d - 2 potions of degeneration
 f - a potion of curing {unknown}
 j - a potion of brilliance {unknown}
 m - a potion of mutation {unknown}
 n - a potion of invisibility {unknown}
 o - a potion of resistance {unknown}


   Skills:
 + Level 6.1 Fighting
 + Level 6.8 Maces & Flails
 + Level 5.7 Armour
 + Level 3.8 Dodging
 + Level 1.6 Stealth


You had 6 spell levels left.
You didn't know any spells.
Your spell library contained the following spells:

 Spells                   Type           Power      Damage    Failure   Level
 Kiss of Death            Conj/Necr      0%         2d5       78%         1
 Confusing Touch          Hex            0%         N/A       98%         3
 Dispel Undead            Necr           0%         3d6       100%        4


Dungeon Overview and Level Annotations

Branches:
Dungeon (5/15)
 Temple: D:4-7

Altars:

Annotations:
D:4 3 runed translucent doors, Vandergrift's ghost, amateur GnRe


Innate Abilities, Weirdness & Mutations

You have a pair of horns on your head.
You reflexively headbutt those who attack you in melee.


Message History

The gnoll hits you with a +0 club.
The gnoll bouda hits you with a +0 club!
* * * LOW HITPOINT WARNING * * *
The hound bites you but does no damage.
You hit the hound.
The hound is almost dead.
The hound barely misses you.
The gnoll bouda gazes fiercely through you!
You feel as though you will be weak longer.
The gnoll hits you but does no damage. The gnoll bouda barely misses you.
You furiously retaliate!
You headbutt the gnoll bouda.
The gnoll bouda hits you with a +0 whip.
* * * LOW HITPOINT WARNING * * *
The hound completely misses you. You furiously retaliate!
You headbutt the hound.
You kill the hound!
Trog accepts your kill.
The gnoll bouda attacks as you move away!
The gnoll bouda hits you with a +0 whip!
* * * LOW HITPOINT WARNING * * *
The gnoll bouda calls upon its god to heal the gnoll bouda.
The gnoll bouda's wounds heal themselves!
You completely miss the gnoll bouda.
The gnoll bouda hits you but does no damage.
The gnoll closely misses you. You furiously retaliate!
You headbutt the gnoll!
You kill the gnoll!
Trog accepts your kill.
The gnoll hits you from afar with a +0 spear.
* * * LOW HITPOINT WARNING * * *
The gnoll bouda hits you with a +0 whip.
* * * LOW HITPOINT WARNING * * *
The gnoll bouda closely misses you. You furiously retaliate!
You headbutt the gnoll bouda. The gnoll closely misses you.
You hit the gnoll bouda but do no damage.
Your headbutt misses the gnoll bouda.
The gnoll bouda is lightly wounded.
The gnoll completely misses you. The gnoll closely misses you.
You furiously retaliate!
You headbutt the gnoll.
The gnoll bouda hits you with a +0 whip.
You die...

... #. .##.. ...#
#.#.... ≈≈
....##.#...# ...
...........# ....
#..........##...# .
#...............#..
#.................
#......gg.......
#.##..#.@g....# #...
###gg..## .# ....
##>.).<##....
##...g#.............
# .[...............
#................
#................
..........###...#
..!........ ...#


You could see 2 gnoll boudas and 3 gnolls.

Vanquished Creatures
  2 phantoms
  3 scorpions
  3 hounds
  A jelly (D:4)
  3 orc priests
  An iguana (D:3)
  An orc wizard (D:4)
  Robin (D:2)
  5 gnolls
  4 adders
  A river rat (D:4)
  A white imp (D:4)
  2 worms (D:2)
  A dart slug (D:4)
  10 orcs
  6 ball pythons
  3 endoplasms
  3 giant cockroaches
  18 goblins
  11 hobgoblins
  3 kobolds
  3 quokkas
  7 bats
  A frilled lizard (D:3)
  7 rats
101 creatures vanquished.

Notes
Turn   | Place    | Note
-------+----------+-------------------------------------------
     0 | D:1      | Joe69 the Minotaur Berserker began the quest for the Orb.
     0 | D:1      | Reached XP level 1. HP: 19/19 MP: 0/0
   173 | D:1      | Reached XP level 2. HP: 26/27 MP: 1/1
   761 | D:2      | Reached XP level 3. HP: 32/34 MP: 2/2
   796 | D:2      | Found a faded altar of an unknown god.
   812 | D:2      | Reached ** piety under Trog
   907 | D:2      | Reached XP level 4. HP: 22/41 MP: 3/3
  1165 | D:2      | Noticed Robin
  1205 | D:2      | Killed Robin
  1718 | D:2      | Reached skill level 5 in Fighting
  2155 | D:3      | Reached XP level 5. HP: 40/48 MP: 4/4
  2279 | D:3      | Reached skill level 5 in Maces & Flails
  2654 | D:3      | Reached XP level 6. HP: 54/56 MP: 5/5
  2984 | D:4      | Reached *** piety under Trog
  3009 | D:4      | Reached skill level 1 in Stealth
  3337 | D:4      | Reached skill level 5 in Armour
  3337 | D:4      | Reached XP level 7. HP: 62/62 MP: 6/6
  3402 | D:4      | Found a runed translucent gate.
  3404 | D:4      | Found a runed translucent gate.
  3404 | D:4      | Noticed Vandergrift's ghost (amateur GnRe)
  3405 | D:4      | Found a runed translucent gate.
  3408 | D:4      | Identified the +1 plate armour "Xaic" {rC+}
  3612 | D:4      | Found a glowing drain.
  3711 | D:5      | Entered Level 5 of the Dungeon
  4023 | D:5      | HP: 2/63 [gnoll bouda/+0 whip (3)]
  4024 | D:5      | Slain by a gnoll bouda

Illustrated notes

Levels and vault maps discovered:
D:1:      evilmike_arrival_hilbert_curve, layout_basic, minmay_tetromino_i2
D:2:      layout_loops_corners, hellmonk_ecumenical_altar_arch_garden,
          uniq_robin
D:3:      layout_loops_ring
D:4:      layout_rooms, biasface_ghost_orc_armoury, portal_sewer_entry_c,
          nicolae_titane
D:5:      layout_cave_pools, serial_shops, kennysheep_mini_moat, shop,
          minmay_manual_mares

Skill      XL: |  1  2  3  4  5  6  7 |
---------------+----------------------+-----
Fighting       | 4 5 6 |  6.1
Maces & Flails | 4 5 6 |  6.8
Dodging        | 3 |  3.8
Armour         | 3 4 5 |  5.7
Stealth        | 1 |  1.6

Action                     |  1- 3 |  4- 6 |  7- 9 || total
---------------------------+-------+-------+-------++-------
  Melee: Mace              |    53 |   117 |    44 ||   214
         Headbutt          |     7 |    16 |     4 ||    27
    Use: Scroll            |     2 |     4 |       ||     6
   Stab: Sleeping          |     1 |       |       ||     1
 Armour: Animal skin       |     5 |       |       ||     5
         Leather armour    |     2 |       |       ||     2
         Ring mail         |     6 |    25 |       ||    31
         Scale mail        |       |    18 |    32 ||    50
  Dodge: Dodged            |    44 |    74 |    58 ||   176
